 Dungeon Crawl Stone Soup version 0.28.0-53-g5a82cb258f (webtiles) character file.

Game seed: 4933383209005335334

1005 Shubert the Chiller (level 8, -4/59 HPs)
             Began as a Merfolk Ice Elementalist on May 20, 2022.
             Slain by a two-headed ogre
             ... wielding a +0 giant spiked club
              (14 damage)
             ... on level 10 of the Dungeon on May 21, 2022.
             The game lasted 01:42:50 (4841 turns).

Shubert the Chiller (Merfolk Ice Elementalist)      Turns: 4841, Time: 01:42:50

Health: -4/59      AC: 12    Str: 14    XL:     8   Next: 20%
Magic:  5/14       EV: 16    Int: 16    God:
Gold:   254        SH:  0    Dex: 21    Spells: 8/15 levels left

rFire   . . .      SeeInvis .   z - +2 trident (protect)
rCold   . . .      Faith    .   (no shield)
rNeg    . . .      Spirit   .   o - +2 robe
rPois   .          Reflect  .   (no helmet)
rElec   .          Harm     .   (no cloak)
rCorr   .          Rampage  .   (no gloves)
Will    .....                   c - +0 pair of boots
Stlth   +++.......              (no amulet)
HPRegen 0.19/turn               n - +6 ring of strength
MPRegen 0.14/turn               H - +6 ring of dexterity

@: under a protective aura
A: (nimble swimmer 2), mertail
a: no special abilities


You were on level 10 of the Dungeon.
You visited 1 branch of the dungeon, and saw 8 of its levels.

You collected 254 gold pieces.

Inventory:

Hand Weapons
 z - a +2 trident of protection (weapon)
Missiles
 m - 6 boomerangs
 u - 2 javelins
Armour
 a - a +3 chain mail
 c - a +0 pair of boots (worn)
 o - a +2 robe (worn)
 G - a +0 leather armour
Jewellery
 n - a +6 ring of strength (left hand)
 H - a +6 ring of dexterity (right hand)
Wands
 x - a wand of acid (15)
Scrolls
 d - 2 scrolls of blinking {unknown}
 e - a scroll of immolation {unknown}
 g - a scroll of fog {unknown}
 k - a scroll of fear {unknown}
 t - 3 scrolls of identify {unknown}
 v - 2 scrolls of teleportation {unknown}
 w - a scroll of magic mapping {unknown}
 C - 2 scrolls of enchant armour {unknown}
 D - a scroll of vulnerability {unknown}
Potions
 b - a potion of curing {unknown}
 f - a potion of degeneration {unknown}
 h - 2 potions of flight {unknown}
 q - 2 potions of attraction {unknown}
 s - a potion of ambrosia {unknown}
 A - a potion of cancellation {unknown}
 B - 2 potions of magic {unknown}
 E - a potion of brilliance {unknown}
 F - 2 potions of lignification {unknown}


   Skills:
 + Level 3.6 Fighting
 * Level 4.6 Polearms
 * Level 5.6 Dodging
 + Level 4.2 Stealth
 + Level 4.0 Spellcasting
 * Level 6.6 Ice Magic


You had 8 spell levels left.
You knew the following spells:

 Your Spells              Type           Power      Damage    Failure   Level
a - Freeze                Ice            96%        1d11      1%          1
b - Ozocubu's Armour      Ice            24%        N/A       3%          3
c - Frozen Ramparts       Ice            48%        1d6       3%          3

Your spell library contained the following spells:

 Spells                   Type           Power      Damage    Failure   Level
 Corpse Rot               Necr/Air       6%         N/A       26%         2
 Hailstorm                Conj/Ice       13%        3d5       38%         4
 Call Canine Familiar     Summ           3%         N/A       45%         3
 Portal Projectile        Hex/Tloc       6%         N/A       45%         3
 Dispel Undead            Necr           3%         3d7       86%         4
 Leda's Liquefaction      Hex/Erth       1%         N/A       86%         4
 Death Channel            Necr           1%         N/A       100%        6
 Ozocubu's Refrigeration  Ice            12%        4d7       100%        7


Dungeon Overview and Level Annotations

Branches:
Dungeon (7/15)
 Temple: D:4-7

Altars:
Fedhas
Nemelex Xobeh

Shops:
D:10 =

Annotations:
D:2 Terence
D:6 1 runed translucent door, Xolotl's ghost, novice DsNe
D:7 Menkaure


Innate Abilities, Weirdness & Mutations

((You are very nimble when in or above water. (Stealth+, EV+, Speed+++)))
Your lower body shifts to a powerful aquatic tail in water.


Message History

Casting: Ozocubu's Armour (dangerous; 3% risk of failure)
Confirm with . or Enter, or press ? or * to list all spells.
Casting: Frozen Ramparts (dangerous; 3% risk of failure)
Press: ? - help, Dir - look around, f - activate The walls around you are covered in ice.
The wall freezes the two-headed ogre.
The wall freezes the ogre.
The wall freezes something!
You hear some strange, mumbled words.
The two-headed ogre seems to speed up.
You reach to attack!
You closely miss the ogre.
The ogre is almost dead.
The wall freezes the two-headed ogre.
The wall freezes the ogre.
You kill the ogre!
The wall freezes something.
Something hits you.
The wall freezes the two-headed ogre.
Your Spellcasting skill increases to level 4!
You reach to attack!
You hit the two-headed ogre.
The two-headed ogre is moderately wounded.
The wall freezes the two-headed ogre. x2; The wall freezes something.
Something hits you but does no damage.
You hit the two-headed ogre.
The two-headed ogre is lightly wounded.
The wall freezes the two-headed ogre.
The wall freezes the ogre.
The wall freezes the two-headed ogre.
The two-headed ogre hits you with a +0 giant spiked club!!
The two-headed ogre hits you with a +0 giant club!
The wall freezes something.
Something barely misses you.
The wall freezes the two-headed ogre.
The wall freezes the ogre.
You feel much better.
The wall freezes the two-headed ogre. x2
The two-headed ogre hits you with a +0 giant spiked club!
The two-headed ogre hits you with a +0 giant club!
* * * LOW HITPOINT WARNING * * *
The wall freezes something.
Something hits you but does no damage.
The wall freezes the ogre.
Your icy armour cracks and falls away as you move.
The frozen ramparts melt away as you move.
An orc wizard appears from thin air!
Reactivating autopickup.
The two-headed ogre hits you with a +0 giant spiked club!
You die...

.#.. ##
∩..#
..###...#
.......##
........#
#........
#....$...
#@O......
#.##.###.
##O# #)O#
?# #o##..#
###o#..#
#..O#.#
#.#...#
####...###


You could see 2 two-headed ogres, 2 ogres, an orc wizard and an orc.

Vanquished Creatures
  Duvessa (D:5)
  An orc warrior (D:10)
  2 ogres
  A water moccasin skeleton (D:4)
  Dowan (D:5)
  2 orc priests (D:5)
  2 bullfrog zombies (D:5)
  A hound (D:6)
  A jelly (D:5)
  A bullfrog skeleton (D:6)
  Jessica (D:2)
  3 orc wizards
  A hound zombie (D:5)
  A hound skeleton (D:4)
  9 adders
  An ufetubus (D:4)
  A worm (D:2)
  2 dart slugs (D:3)
  23 orcs
  6 ball pythons
  5 bats
  4 endoplasms
  3 giant cockroaches
  8 goblins
  5 hobgoblins
  8 jackals
  6 kobolds (D:1)
  2 quokkas
  6 frilled lizards
  7 rats
115 creatures vanquished.

Notes
Turn   | Place    | Note
-------+----------+-------------------------------------------
     0 | D:1      | Shubert the Merfolk Ice Elementalist began the quest for
                  | the Orb.
     0 | D:1      | Reached XP level 1. HP: 13/13 MP: 3/3
   134 | D:1      | Reached XP level 2. HP: 15/19 MP: 0/5
   319 | D:1      | Reached skill level 5 in Ice Magic
   367 | D:1      | Found a faded altar of an unknown god.
   461 | D:1      | Reached XP level 3. HP: 24/24 MP: 4/6
   635 | D:1      | Learned a level 3 spell: Ozocubu's Armour
   781 | D:2      | Noticed Jessica
   815 | D:2      | Killed Jessica
   816 | D:2      | Reached XP level 4. HP: 18/31 MP: 2/8
  1069 | D:2      | Reached skill level 1 in Fighting
  1112 | D:2      | Noticed Terence
  1289 | D:3      | Learned a level 3 spell: Frozen Ramparts
  1516 | D:3      | Reached XP level 5. HP: 37/37 MP: 6/9
  1699 | D:3      | Noticed a moth of wrath
  2153 | D:4      | Reached skill level 1 in Polearms
  2345 | D:4      | Found a sparkling altar of Nemelex Xobeh.
  2354 | D:4      | Reached XP level 6. HP: 41/44 MP: 5/10
  2849 | D:4      | Found a blossoming altar of Fedhas.
  3108 | D:5      | Entered Level 5 of the Dungeon
  3248 | D:5      | Noticed Dowan
  3248 | D:5      | Noticed Duvessa
  3668 | D:5      | Reached XP level 7. HP: 42/51 MP: 12/12
  3760 | D:5      | Reached skill level 6 in Ice Magic
  4371 | D:6      | Noticed a wraith
  4447 | D:5      | Killed Duvessa
  4465 | D:5      | Killed Dowan
  4466 | D:5      | Reached skill level 5 in Dodging
  4704 | D:6      | Found a runed translucent door.
  4704 | D:6      | Noticed Xolotl's ghost (novice DsNe)
  4759 | D:7      | Noticed Menkaure
  4815 | D:7      | You fall into a shaft and drop 3 floors!
  4815 | D:10     | Entered Level 10 of the Dungeon
  4815 | D:10     | Noticed an ogre mage
  4815 | D:10     | Noticed a two-headed ogre
  4815 | D:10     | Noticed a two-headed ogre
  4824 | D:10     | Found Lyepeb's Jewellery Shoppe.
  4832 | D:10     | Reached XP level 8. HP: 57/58 MP: 7/13
  4841 | D:10     | Slain by a two-headed ogre

Illustrated notes

Levels and vault maps discovered:
D:1:      minmay_arrival_glassed_features, layout_basic,
          hellmonk_ecumenical_altar_inner_sanctum
D:2:      layout_rooms, minmay_misc_feat_five, uniq_crazy_yiuf_cottage,
          uniq_terence, uniq_jessica
D:3:      layout_basic, tgw_trog, minmay_vboxes
D:4:      layout_loops_corners, mainiacjoe_overflow_alcove_2,
          mainiacjoe_overflow_24_doors, kennysheep_flooded_box
D:5:      layout_loops_ring, kennysheep_minor_cross, uniq_duvessa
D:6:      layout_loops_corners, gammafunk_temple_overflow_claw,
          hellmonk_ghost_happy_afterlife, uniq_pikel
D:7:      layout_basic, grunt_qazlal_clouds, minmay_temple_entry_butterflies,
          gammafunk_ghost_cemetery, enter_bailey_3, uniq_menkaure
D:10:     layout_rooms, tso_metal_star, erik_lair_orcish_takeover, serial_shops,
          shop, grunt_livestock

Skill      XL: |  1  2  3  4  5  6  7  8 |
---------------+-------------------------+-----
Ice Magic      | 5 6 |  6.6
Dodging        | 3 4 5 |  5.6
Fighting       | 1 2 3 |  3.6
Stealth        | 3 4 |  4.2
Spellcasting   | 3 4 |  4.0
Polearms       | 1 2 4 |  4.6

Action                   |  1- 3 |  4- 6 |  7- 9 || total
-------------------------+-------+-------+-------++-------
Melee: Dagger            |    19 |       |       ||    19
       Short sword       |    20 |    19 |       ||    39
       Trident           |       |    92 |   103 ||   195
       Punch             |       |     1 |     3 ||     4
 Cast: Freeze            |    48 |    56 |     5 ||   109
       Ozocubu's Armour  |       |     7 |     5 ||    12
       Frozen Ramparts   |       |       |     4 ||     4
  Use: Potion            |       |       |     4 ||     4
 Stab: Sleeping          |     1 |     8 |     2 ||    11
Armor: Robe              |    24 |    42 |    57 ||   123
Dodge: Dodged            |    42 |    80 |    96 ||   218
